Map: Lightshade LE

Players

Clem - Winner!

  • Race: Terran Terran

PtitDrogo

  • Race: Protoss Protoss

Event: DreamHack SC2 Masters 2021 Fall

VOD

Have the link to the VOD?

Description

Time

  • Played on: Aug. 12, 2021, 12:24 p.m.
  • Length: 8:25

All games in this series

Show
View Real Time Build Order
Export as new Build Order

Clem Terran - Winner!

Build Orders: Cyclone Opening 

Get SALT Encoding   

  12  0:00  SCV  
  13  0:12  SCV  
  14  0:16  Supply Depot  
  14  0:24  SCV  
  15  0:28  Refinery  
  15  0:38  SCV  
  16  0:45  Barracks  
  16  0:50  SCV  
  17  1:02  SCV  
  18  1:07  Engineering Bay  
  18  1:14  SCV  
  19  1:31  Engineering Bay  
  20  1:38  Orbital Command  
  20  1:39  Marine  
  20  1:43  Factory  
  20  1:50  Supply Depot  
  20  1:58  Barracks Reactor  
  20  2:05  SCV  
  21  2:17  SCV  
  22  2:27  Factory Tech Lab  
  22  2:29  SCV, Command Center  
  23  2:33  Marine x2  
  25  2:37  Supply Depot  
  26  2:46  Cyclone  
  28  2:51  Marine x2  
  28  2:54  SCV  
  31  3:00  Refinery  
  31  3:06  SCV  
  31  3:09  Barracks  
  31  3:11  Marine  
  33  3:13  Marine  
  34  3:22  Cyclone  
  34  3:25  SCV  
  38  3:30  Marine  
  39  3:40  Marine  
  39  3:41  SCV, Orbital Command  
  41  3:53  Marine, SCV  
  43  3:57  Engineering Bay  
  41  4:05  Marine, SCV  
  40  4:10  Cyclone  
  40  4:11  SCV  
  40  4:13  Marine  
  40  4:15  Barracks Tech Lab  
  41  4:17  SCV  
  41  4:23  SCV  
  43  4:25  Marine  
  43  4:28  Supply Depot  
  43  4:29  SCV  
  43  4:31  Marine  
  46  4:34  Marine, Stimpack  
  46  4:35  SCV  
  48  4:41  SCV  
  48  4:42  Siege Tank  
  48  4:43  Marine  
  53  4:46  Supply Depot  
  53  4:48  SCV  
  53  4:49  Marine  
  53  4:52  Marine  
  56  4:55  SCV  
  56  4:57  Missile Turret  
  57  5:00  Missile Turret  
  57  5:01  Marine, SCV  
  57  5:05  Starport  
  59  5:08  Marine  
  59  5:09  Marine  
  59  5:11  SCV  
  62  5:15  Supply Depot, SCV  
  62  5:19  Marine  
  64  5:24  SCV  
  64  5:26  Barracks  
  64  5:27  Refinery  
  65  5:29  Factory Reactor  
  65  5:30  Marine  
  65  5:33  Marine  
  67  5:36  SCV x2  
  67  5:37  Supply Depot  
  67  5:39  Marine  
  66  5:45  Starport Reactor  
  66  5:47  Marine  
  66  5:48  SCV  
  66  5:49  Supply Depot  
  67  5:51  Marine  
  67  5:52  Terran Infantry Weapons Level 1  
  67  5:56  SCV  
  67  5:57  Marine  
  68  6:02  SCV  
  65  6:05  Marine  
  65  6:08  SCV  
  65  6:09  Marine  
  61  6:15  Refinery  
  61  6:17  Marine, Widow Mine x2  
  66  6:19  SCV  
  66  6:20  SCV  
  66  6:22  Supply Depot, Medivac x2  
  66  6:25  Combat Shield  
  72  6:27  Marine, Marauder  
  74  6:39  Marine, Widow Mine x2  
  79  6:40  Concussive Shells  
  79  6:41  Marauder  
  79  6:44  SCV  
  79  6:45  SCV  
  83  6:49  Marauder  
  83  6:51  Marine  
  86  6:56  Command Center  
  86  6:59  Medivac  
  86  7:00  Medivac  
  90  7:02  Marine x2  
  92  7:10  Widow Mine, Marauder  
  92  7:11  Widow Mine  
  92  7:13  Marine  
  99  7:15  Supply Depot  
  99  7:22  SCV, Barracks  
  100  7:23  SCV, Barracks  
  100  7:25  Marine  
  101  7:35  SCV  
  101  7:36  Widow Mine, Medivac  
  102  7:37  Marauder  
  102  7:39  Marauder  
  102  7:42  Widow Mine  
  106  7:44  Medivac  
  106  7:46  Marine  
  106  7:51  Marine  
  103  7:52  SCV  
  103  7:54  SCV  
  107  7:58  Widow Mine  
  107  7:59  Marauder  
  107  8:02  Marauder  
  107  8:04  Marine, SCV  
  110  8:10  SCV  
  110  8:12  Barracks Reactor, Barracks Tech Lab  
Show
View Real Time Build Order
Export as new Build Order

PtitDrogo Protoss 

Build Orders: Oracle Opening, Zealot Archon 

Get SALT Encoding   

  12  0:00  Probe  
  13  0:12  Probe  
  14  0:18  Pylon  
  14  0:24  Probe  
  15  0:36  Gateway  
  15  0:37  Probe (Chrono Boost)  
  16  0:46  Probe (Chrono Boost)  
  16  0:47  Assimilator  
  17  0:51  Probe (Chrono Boost)  
  18  1:03  Probe  
  19  1:15  Probe  
  20  1:27  Probe  
  21  1:39  Probe  
  22  1:42  Cybernetics Core  
  22  1:43  Pylon  
  22  1:51  Probe  
  23  1:59  Nexus  
  23  2:04  Assimilator  
  23  2:08  Probe (Chrono Boost)  
  24  2:20  Probe (Chrono Boost)  
  24  2:21  Adept  
  27  2:26  Probe (Chrono Boost)  
  28  2:35  Probe  
  29  2:43  Stargate  
  29  2:47  Probe  
  30  2:59  Probe  
  30  3:00  Pylon, Warp Gate  
  30  3:11  Probe (Chrono Boost)  
  32  3:14  Adept  
  32  3:17  Gateway  
  32  3:18  Probe (Chrono Boost)  
  35  3:21  Probe (Chrono Boost)  
  35  3:25  Oracle (Chrono Boost), Probe (Chrono Boost)  
  35  3:26  Probe (Chrono Boost)  
  40  3:36  Probe  
  40  3:38  Probe  
  42  3:43  Pylon  
  42  3:44  Adept  
  43  3:48  Probe  
  38  4:09  Probe  
  38  4:12  Oracle (Chrono Boost)  
  38  4:14  Probe  
  42  4:20  Shield Battery  
  42  4:21  Probe  
  43  4:26  Probe  
  44  4:33  Probe  
  45  4:38  Probe  
  45  4:40  Oracle (Chrono Boost)  
  50  4:45  Probe  
  50  4:48  Adept x2  
  50  4:50  Probe  
  55  4:57  Probe  
  56  5:00  Nexus  
  56  5:03  Probe  
  56  5:04  Pylon  
  57  5:09  Probe  
  58  5:15  Probe  
  58  5:16  Phoenix  
  58  5:20  Pylon  
  61  5:22  Probe  
  61  5:23  Stalker x2  
  61  5:27  Probe  
  67  5:29  Assimilator  
  67  5:34  Probe  
  68  5:37  Pylon  
  68  5:39  Twilight Council  
  68  5:52  Stalker x2  
  63  6:07  Probe x2  
  63  6:08  Charge (Chrono Boost)  
  63  6:14  Probe  
  63  6:17  Gateway  
  64  6:18  Gateway  
  64  6:19  Probe x2  
  64  6:20  Gateway  
  64  6:24  Gateway x2  
  64  6:25  Gateway  
  66  6:26  Probe  
  66  6:31  Sentry, Zealot, Probe x2  
  73  6:38  Probe  
  74  6:42  Shield Battery  
  74  6:43  Probe x2  
  76  6:50  Probe  
  76  6:51  Pylon  
  74  6:55  Probe x2  
  74  6:56  Templar Archives  
  74  6:58  Forge  
  74  6:59  Pylon  
  74  7:00  Zealot  
  74  7:01  Zealot  
  80  7:02  Probe  
  80  7:04  Pylon  
  80  7:07  Probe  
  83  7:16  Zealot x3  
  83  7:18  Pylon  
  83  7:20  Zealot x3  
  94  7:23  Zealot x2  
  98  7:36  Zealot x3  
  95  7:41  Zealot x3  
  89  7:51  High Templar x2  
  81  7:54  Probe x2  
  81  7:56  Gateway, Archon  
  81  7:57  Zealot  
  81  7:58  Zealot x2  
  91  7:59  Phoenix (Chrono Boost)  
  91  8:04  Zealot x3  
  77  8:19  Zealot x3  

Tags
 
Add a new tag
Caveats
  • Supply blocks, unpowered buildings, or Contaminate may cause inaccurate times.
  • Supply counts are checked every 10 seconds.